 Dungeon Crawl Stone Soup version 0.29-a0-371-g91724d5b39 (webtiles) character file.

Game seed: 3323263628242215214

480 happo123 the Digger (level 7, -1/36 HPs)
             Began as a Gargoyle Earth Elementalist on May 2, 2022.
             Slain by sammy202020's ghost (2 damage)
             ... on level 4 of the Dungeon.
             The game lasted 00:28:44 (2986 turns).

happo123 the Digger (Gargoyle Earth Elementalist)   Turns: 2986, Time: 00:28:44

Health: -1/36      AC: 10    Str: 11    XL:     7   Next: 11%
Magic:  10/12      EV: 12    Int: 20    God:
Gold:   197        SH:  0    Dex: 13    Spells: 8/12 levels left

rFire   . . .      SeeInvis .   r - +1 morningstar (holy)
rCold   . . .      Faith    .   (no shield)
rNeg    + . .      Spirit   .   n - +0 leather armour "Ohaiff" {Rampage *Slow Int+2 Dex+3}
rPois   ∞          Reflect  .   (no helmet)
rElec   +          Harm     .   f - +1 cloak
rCorr   .          Rampage  +   s - +0 pair of gloves
Will    .....                   (no boots)
Stlth   ++........              (no amulet)
HPRegen 0.12/turn               (no ring)
MPRegen 0.13/turn               (no ring)

@: no status effects
A: sickness immunity, AC +4, negative energy resistance 1, electricity
resistance, torment resistance 1, petrification resistance
a: no special abilities


You were on level 4 of the Dungeon.
You visited 1 branch of the dungeon, and saw 4 of its levels.

You collected 197 gold pieces.

Inventory:

Hand Weapons
 b - a +0 dagger of speed
 e - a +0 mace
 r - a +1 morningstar of holy wrath (weapon)
 t - a +2 quarterstaff of chaos
 u - a +0 hand axe of distortion
Missiles
 a - 28 stones
Armour
 f - a +1 cloak (worn)
 g - a +0 cloak
 n - the +0 leather armour "Ohaiff" (worn) {Rampage *Slow Int+2 Dex+3}
   (You found it on level 2 of the Dungeon)

   Int:       It affects your intelligence (+2).
   Dex:       It affects your dexterity (+3).
   *Slow:     It may slow you when you take damage.
   Rampage:   It bestows one free step when moving towards enemies.
 s - a +0 pair of gloves (worn)
Wands
 q - a wand of iceblast (6)
Scrolls
 h - 8 scrolls of teleportation {unknown}
 j - a scroll of silence {unknown}
 k - a scroll of blinking {unknown}
 l - a scroll of acquirement {unknown}
 m - 3 scrolls of magic mapping {unknown}
 o - a scroll of identify {unknown}
 v - a scroll of enchant weapon {unknown}
Potions
 c - 2 potions of magic
 d - a potion of curing {unknown}
 i - 2 potions of degeneration {unknown}
 p - a potion of invisibility {unknown}


   Skills:
 + Level 3.0 Dodging
 + Level 4.4 Stealth
 + Level 3.4 Spellcasting
 + Level 2.5 Transmutations
 + Level 5.2 Earth Magic


You had 8 spell levels left.
You knew the following spells:

 Your Spells              Type           Power      Damage    Failure   Level
a - Sandblast             Erth           48%        2d12      1%          1
b - Stone Arrow           Conj/Erth      26%        3d8       19%         3

Your spell library contained the following spells:

 Spells                   Type           Power      Damage    Failure   Level
 Passwall                 Tmut/Erth      15%        N/A       5%          2
 Petrify                  Tmut/Erth      19%        N/A       34%         4


Dungeon Overview and Level Annotations

Branches:
Dungeon (4/15)
 Temple: D:4-7

Altars:
Elyvilon
Ru
Zin
The Shining One

Annotations:
D:4 sammy202020's ghost, amateur MiBe


Innate Abilities, Weirdness & Mutations

You are immune to sickness and miasma.
Your stone body is resilient. (AC +4)
You are immune to poison.
You resist negative energy. (rN+)
You are resistant to electric shocks. (rElec)
You are resistant to unholy torment.
You are immune to petrification.


Message History

The blast of sand hits sammy202020's ghost but does no damage.
Sammy202020's ghost hits you.
Aiming: Sandblast (safe; 1% risk of failure)
Press: ? - help, Q - select action, (/) - cycle Shift-Dir - straight line, f/p - sammy202020's ghost
Aim: sammy202020's ghost (78% to hit)
The blast of sand hits sammy202020's ghost but does no damage.
Sammy202020's ghost hits you!
Aiming: Sandblast (safe; 1% risk of failure)
Press: ? - help, Q - select action, (/) - cycle Shift-Dir - straight line, f/p - sammy202020's ghost
Aim: sammy202020's ghost (78% to hit)
The blast of sand hits sammy202020's ghost.
Sammy202020's ghost is lightly damaged.
Sammy202020's ghost hits you.
You hit sammy202020's ghost.
Sammy202020's ghost convulses.
Sammy202020's ghost is moderately damaged.
Sammy202020's ghost hits you! Sammy202020's ghost hits you.
You sock sammy202020's ghost!
Sammy202020's ghost convulses!
Sammy202020's ghost is heavily damaged.
Sammy202020's ghost closely misses you.
You hit sammy202020's ghost but do no damage.
Sammy202020's ghost is heavily damaged.
Sammy202020's ghost closely misses you.
Sammy202020's ghost hits you but does no damage.
You barely miss sammy202020's ghost.
Sammy202020's ghost is heavily damaged.
Sammy202020's ghost misses you.
You closely miss sammy202020's ghost.
Sammy202020's ghost is heavily damaged.
Sammy202020's ghost hits you.
* * * LOW HITPOINT WARNING * * *
Sammy202020's ghost closely misses you.
You hit sammy202020's ghost.
Sammy202020's ghost convulses.
Sammy202020's ghost is severely damaged.
Sammy202020's ghost says, "I'll split you in two!"
Sammy202020's ghost hits you!
* * * LOW HITPOINT WARNING * * *
You hit sammy202020's ghost but do no damage.
Sammy202020's ghost is severely damaged.
Sammy202020's ghost hits you.
You die...

..# ... ... .o# ####.#.#
#.#.# ..##.#.# #.#.# #####
####..#.#.# #.#.# #≈≈≈#
#♣.#...#.#.# #)#.#### #≈_≈#
#8)W@..#.#)# #....... #...#
#♣.#..##.#.###....... #.≈.#
####................ #...##.#
#..#.#.###....... #.≈.##.#
#..#...###.÷..... #...##.#
#..#.#.........).
#.≈.##.#.###..#.####).......
##...##.#.............)......
#≈.≈.≈#.#####..#.####........


You could see sammy202020's ghost.

Vanquished Creatures
  An ogre (D:4)
  A phantom (D:4)
  An orc priest (D:3)
  Crazy Yiuf (D:3)
  Jessica (D:3)
  Natasha (thrice) (D:3)
  An orc wizard (D:4)
  7 adders
  A worm (D:3)
  A dart slug (D:2)
  9 orcs
  5 bats
  3 endoplasms
  2 giant cockroaches
  4 goblins
  5 hobgoblins
  4 jackals (D:3)
  3 quokkas
  5 ball pythons
  2 frilled lizards
  2 kobolds
  5 rats
67 creatures vanquished.

Notes
Turn   | Place    | Note
-------+----------+-------------------------------------------
     0 | D:1      | happo123 the Gargoyle Earth Elementalist began the quest
                  | for the Orb.
     0 | D:1      | Reached XP level 1. HP: 10/10 MP: 3/3
   210 | D:1      | Reached skill level 1 in Transmutations
   210 | D:1      | Reached XP level 2. HP: 15/15 MP: 1/5
   833 | D:2      | Reached skill level 4 in Earth Magic
   833 | D:2      | Reached XP level 3. HP: 19/19 MP: 0/6
  1073 | D:2      | Identified the +0 leather armour "Ohaiff" {Rampage *Slow
                  | Int+2 Dex+3}
  1550 | D:2      | Found a faded altar of an unknown god.
  1679 | D:2      | Learned a level 3 spell: Stone Arrow
  1752 | D:3      | Found a white marble altar of Elyvilon.
  1754 | D:3      | Found a glowing golden altar of the Shining One.
  1757 | D:3      | Found a glowing silver altar of Zin.
  1770 | D:3      | Reached XP level 4. HP: 24/24 MP: 7/7
  1891 | D:3      | Noticed Natasha
  2027 | D:3      | Reached XP level 5. HP: 28/28 MP: 2/9
  2098 | D:3      | Killed Natasha
  2238 | D:3      | Found a runed translucent door.
  2239 | D:3      | Noticed Crazy Yiuf
  2244 | D:3      | Killed Crazy Yiuf
  2287 | D:3      | Noticed Jessica
  2295 | D:3      | Killed Jessica
  2303 | D:3      | Noticed Natasha
  2307 | D:3      | Killed Natasha
  2308 | D:3      | Reached XP level 6. HP: 32/32 MP: 7/10
  2335 | D:3      | Noticed Natasha
  2339 | D:3      | Killed Natasha
  2594 | D:4      | Reached skill level 5 in Earth Magic
  2683 | D:4      | Found a runed translucent door.
  2884 | D:4      | Reached XP level 7. HP: 36/36 MP: 7/12
  2926 | D:4      | Found a sacrificial altar of Ru.
  2969 | D:4      | Noticed sammy202020's ghost (amateur MiBe)
  2985 | D:4      | HP: 1/36 [sammy202020's ghost (7)]
  2986 | D:4      | Slain by sammy202020's ghost

Illustrated notes

Levels and vault maps discovered:
D:1:      giann_wishing_wells, layout_rooms
D:2:      layout_loops_corners, chequers_ecumenical_altar_twisty
D:3:      layout_rooms, good_gods_mini_temple, uniq_natasha,
          uniq_crazy_yiuf_cottage, uniq_jessica
D:4:      layout_basic, nicolae_ru_path_of_blood,
          minmay_temple_entry_nine_rooms, gammafunk_ghost_grave

Skill      XL: |  1  2  3  4  5  6 |
---------------+-------------------+-----
Transmutations | 1 2 |  2.5
Earth Magic    | 4 5 |  5.2
Dodging        | 2 3 |  3.0
Stealth        | 3 4 |  4.4
Spellcasting   | 3 |  3.4

Action                   |  1- 3 |  4- 6 |  7- 9 || total
-------------------------+-------+-------+-------++-------
Melee: Mace              |    21 |       |       ||    21
       Morningstar       |    11 |    37 |     8 ||    56
       Punch             |       |     1 |       ||     1
 Cast: Sandblast         |    40 |    31 |     3 ||    74
       Stone Arrow       |       |     7 |       ||     7
 Stab: Sleeping          |     2 |       |       ||     2
Armor: Leather armour    |    24 |    21 |     2 ||    47
Dodge: Dodged            |    37 |    28 |     4 ||    69

Table legend: (Time is in decaauts)
 A = Elapsed time spent in this place.
 B = Non-inter-level travel time spent in this place.
 C = Inter-level travel time spent in this place.
 D = Time resting spent in this place.
 E = Time spent auto-exploring this place.
 F = Levels seen in this place.
 G = Mean time per level.
                   A        B        C        D        E       F      G
               +--------+--------+--------+--------+--------+-----+--------+
         Total |   3040 |   2451 |    589 |    349 |   1494 |   4 |  760.0 |
       Dungeon |   3040 |   2451 |    589 |    349 |   1494 |   4 |  760.0 |
               +--------+--------+--------+--------+--------+-----+--------+

Top non-repeatable levels by time:
     D:2: 1149 daAuts
     D:3: 837 daAuts
     D:1: 626 daAuts
     D:4: 426 daAuts
